 Dungeon Crawl Stone Soup version 0.29-a0-923-g6e406bff71 (webtiles) character file.

Game seed: 2894673805024180247

304 Malachi the Chopper (level 6, 0/47 HPs)
             Began as a Demonspawn Abyssal Knight on July 28, 2022.
             Was a Priest of Lugonu.
             Slain by an orc wizard
             ... wielding a +0 dagger
              (2 damage)
             ... on level 3 of the Dungeon.
             The game lasted 00:07:23 (4174 turns).

Malachi the Chopper (Demonspawn Abyssal Knight)     Turns: 4174, Time: 00:07:23

Health: 0/47       AC: 13    Str: 15    XL:     6   Next: 15%
Magic:  7/7        EV:  6    Int: 11    God:    Lugonu [***...]
Gold:   148        SH:  0    Dex: 14    Spells: 5/5 levels left

rFire   . . .      SeeInvis .   g - +0 flail (protect)
rCold   . . .      Faith    .   (no shield)
rNeg    . . .      Spirit   .   s - +0 chain mail
rPois   .          Reflect  .   (no helmet)
rElec   .          Harm     .   (no cloak)
rCorr   .          Rampage  .   (no gloves)
Will    .....                   o - +0 pair of boots
Stlth   ..........              e - amulet of the acrobat
HPRegen 0.15/turn               i - +4 ring of protection
MPRegen 0.10/turn               (no ring)

@: no status effects
A: condensation shield, demonic touch 2
a: Renounce Religion, Depart the Abyss, Bend Space, Banish


You were on level 3 of the Dungeon.
You worshipped Lugonu.
Lugonu was most pleased with you.
You visited 1 branch of the dungeon, and saw 3 of its levels.
You visited the Abyss 1 time.

You collected 148 gold pieces.

Inventory:

Hand Weapons
 a - a +1 hand axe
 g - a +0 flail of protection (weapon)
Armour
 o - a +0 pair of boots (worn)
 s - a +0 chain mail (worn)
Jewellery
 c - an amulet of magic regeneration
 e - an amulet of the acrobat (around neck)
 i - a +4 ring of protection (left hand)
 j - a ring of fire
Wands
 k - a wand of flame (8)
Scrolls
 l - a scroll of magic mapping
 n - a scroll of blinking {unknown}
 q - a scroll of vulnerability {unknown}
 r - a scroll of silence {unknown}
Potions
 d - a potion of berserk rage {unknown}
 m - a potion of attraction {unknown}
 p - a potion of brilliance {unknown}


   Skills:
 - Level 3.0 Fighting
 * Level 6.0 Axes
 - Level 1.7 Armour
 - Level 0.8 Dodging
 - Level 2.4 Invocations


You had 5 spell levels left.
You didn't know any spells.
Your spell library contained the following spells:

 Spells                   Type           Power      Damage    Failure   Level
 Beastly Appendage        Tmut           0%         N/A       100%        1
 Freeze                   Ice            0%         1d3       100%        1
 Shock                    Conj/Air       0%         1d3       100%        1
 Wereblood                Tmut           0%         N/A       100%        2
 Frozen Ramparts          Ice            0%         1d2       100%        3
 Spider Form              Tmut/Pois      0%         N/A       100%        3
 Swiftness                Air            0%         N/A       100%        3
 Airstrike                Air            0%         0-1+      100%        4
 Hailstorm                Conj/Ice       0%         3d3       100%        4


Dungeon Overview and Level Annotations

Branches:
Dungeon (3/15)

Altars:
Qazlal

Shops:
D:1 *   D:3 *

Annotations:
D:3 Grinder


Innate Abilities, Weirdness & Mutations

A meltable shield of frost defends you. (SH +0)
Your touch may inflict irresistible damage on your foes.


Message History

The puff of flame hits you but does no damage.
Your condensation shield dissipates!
You hit something but do no damage.
Your weapon exudes an aura of protection.
Grinder says, "At least Makhleb appreciates what I'm doing."
Something hits you but does no damage.
Grinder says, "At least Makhleb appreciates what I'm doing."
Grinder hits you.
You writhe in agony.
Something hits you but does no damage.
You hit something but do no damage. Your touch misses something.
Something hits you but does no damage. Grinder hits you but does no damage.
You miss something. Something hits you but does no damage.
Grinder says, "DUCK!"
Grinder hits you but does no damage.
You closely miss something. Your touch misses something.
Grinder hits you but does no damage. Something hits you.
You miss something. Grinder barely misses you.
Something hits you but does no damage.
You miss something.
You hear some strange, mumbled words.
You are confused.
Grinder hits you but does no damage.
Grinder says, "I used to sell toenails on the black market."
Grinder hits you but does no damage. Something hits you but does no damage.
Grinder attacks as you move away! Grinder hits you.
You writhe in agony.
* * * LOW HITPOINT WARNING * * *
You barely miss something. Your touch misses something.
Something hits you but does no damage. Grinder hits you but does no damage.
Unknown command.
You're too confused to move!
Grinder hits you!
* * * LOW HITPOINT WARNING * * *
Something hits you.
* * * LOW HITPOINT WARNING * * *
You are too confused!
You are too confused!
You feel better. Grinder hits you.
* * * LOW HITPOINT WARNING * * *
You writhe in agony.
* * * LOW HITPOINT WARNING * * *
Something hits you.
You die...

######...........#
#.....#..).......# **** #####*
#.....##...).....# *,*,
**#....####.....####..#'#### **,*
,,..............#####'#'#### *,*,
,,**#...###................# **,,
,,,***#...#................# *,,*
**,,****#.#)...5...........###,**
♣#*,,,**#.)..)..@......>...'.#,,*
.♣#*,,,*##.)).)............#.#*,,
.⌠♣*,,,,*#.................#.#,*,
_.♣*,,,,*##.###............#.#*,*
.⌠♣*,,,,,*#?# #...†........#.#,*,
.♣#*,,,,,*#)###....†.......#.####
♣#**,,,,,*#................#...#.
♣**,,,,,,*#).#################.#.
♣*⌠,,,,,**#).# #...


You could see Grinder.

Vanquished Creatures
  2 orc priests (D:3)
  Jessica (D:2)
  Natasha (thrice) (D:2)
  5 gnolls
  2 adders (D:2)
  A worm (D:2)
  A dart slug (D:2)
  9 orcs (D:3)
  3 ball pythons
  4 bats
  4 endoplasms
  5 giant cockroaches
  5 hobgoblins
  6 kobolds
  2 quokkas (D:1)
  5 frilled lizards
  5 goblins
  4 rats
67 creatures vanquished.

Notes
Turn   | Place    | Note
-------+----------+-------------------------------------------
     0 | Abyss:1  | Malachi the Demonspawn Abyssal Knight began the quest for
                  | the Orb.
     0 | Abyss:1  | Reached XP level 1. HP: 18/18 MP: 2/2
     1 | D:1      | Escaped the Abyss
    96 | D:1      | Reached skill level 2 in Axes
   452 | D:1      | Found Xaupt's Assorted Antiques.
   634 | D:1      | Found a faded altar of an unknown god.
   640 | D:1      | Gained mutation: A meltable shield of frost defends you.
                  | (SH +0) [demonic ancestry]
   640 | D:1      | Reached XP level 2. HP: 24/24 MP: 3/3
   650 | D:1      | Found a faded altar of an unknown god.
   936 | D:1      | Reached skill level 3 in Axes
  1169 | D:1      | Gained mutation: Your touch may inflict minor irresistible
                  | damage on your foes. [demonic ancestry]
  1169 | D:1      | Reached XP level 3. HP: 18/29 MP: 4/4
  1973 | D:2      | Noticed Jessica
  1984 | D:2      | Killed Jessica
  1985 | D:2      | Reached skill level 4 in Axes
  1985 | D:2      | Reached XP level 4. HP: 27/35 MP: 5/5
  2296 | D:2      | Reached *** piety under Lugonu
  2710 | D:3      | Noticed Natasha
  2710 | D:3      | Found a stormy altar of Qazlal.
  2747 | D:3      | Found Cuax's General Store.
  2759 | D:2      | Killed Natasha
  2972 | D:2      | Noticed Natasha
  2990 | D:2      | Killed Natasha
  2991 | D:2      | Reached XP level 5. HP: 7/41 MP: 6/6
  2993 | D:2      | Noticed Natasha
  3005 | D:2      | Killed Natasha
  3006 | D:2      | Reached skill level 5 in Axes
  3220 | D:3      | Noticed Grinder
  4051 | D:3      | Gained mutation: Your touch may inflict irresistible damage
                  | on your foes. [demonic ancestry]
  4051 | D:3      | Reached XP level 6. HP: 41/47 MP: 7/7
  4136 | D:3      | Reached skill level 6 in Axes
  4174 | D:3      | HP: 2/47 [Grinder (4)]
  4174 | D:3      | Slain by an orc wizard

Illustrated notes

Levels and vault maps discovered:
D:1:      amcnicky_arrival_abandoned_market, layout_basic, serial_shops,
          nicolae_shop_statue_plus, hellmonk_ecumenical_altar_the_god_not_taken
D:2:      minmay_evil_eye, layout_basic, minmay_cupped, uniq_jessica
D:3:      minmay_diamond_boxcup, layout_basic, kennysheep_ying_yang,
          mainiacjoe_overflow_boulevard, serial_shops, nicolae_diamond_shop,
          nicolae_shop_behind_doors, nicolae_shop_hallway_plus, uniq_grinder,
          uniq_crazy_yiuf_cottage, uniq_natasha

Skill      XL: |  1  2  3  4  5  6 |
---------------+-------------------+-----
Axes           | 2 3 4 5 6 |  6.0
Fighting       | |  3.0
Armour         | |  1.7
Dodging        | |  0.8
Invocations    | |  2.4

Action                   |  1- 3 |  4- 6 || total
-------------------------+-------+-------++-------
Melee: Hand axe          |    81 |   107 ||   188
       Punch             |     1 |     2 ||     3
       Touch             |     5 |    21 ||    26
       Flail             |       |    52 ||    52
  Use: Scroll            |       |     2 ||     2
       Potion            |       |     2 ||     2
Armor: Leather armour    |    24 |    39 ||    63
       Chain mail        |       |    32 ||    32
Dodge: Dodged            |    47 |   101 ||   148
Block: Other             |    10 |    18 ||    28

Table legend: (Time is in decaauts)
 A = Elapsed time spent in this place.
 B = Non-inter-level travel time spent in this place.
 C = Inter-level travel time spent in this place.
 D = Time resting spent in this place.
 E = Time spent auto-exploring this place.
 F = Levels seen in this place.
 G = Mean time per level.
                   A        B        C        D        E       F      G
               +--------+--------+--------+--------+--------+-----+--------+
         Total |   4223 |   4055 |    168 |   1010 |   2381 |   4 | 1055.8 |
       Dungeon |   4222 |   4054 |    168 |   1010 |   2381 |   3 | 1407.3 |
         Abyss |      1 |      1 |      0 |      0 |      0 |   1 |    1.0 |
               +--------+--------+--------+--------+--------+-----+--------+

Top non-repeatable levels by time:
     D:1: 1661 daAuts
     D:2: 1602 daAuts
     D:3: 958 daAuts
 Abyss:1: 1 daAuts
